 Dungeon Crawl Stone Soup version 0.30-a0-40-gc6d0f036a7 (webtiles) character file.

Game seed: 18226085912293567996

1215 ytrimaz the Changer (level 8, 0/72 HPs)
             Began as an Octopode Transmuter on Aug 29, 2022.
             Slain by a water moccasin skeleton (6 damage)
             ... on level 5 of the Dungeon.
             The game lasted 00:06:43 (6670 turns).

ytrimaz the Changer (Octopode Transmuter)           Turns: 6670, Time: 00:06:44

Health: 0/72       AC:  1    Str: 10    XL:     8   Next: 46%
Magic:  13/15      EV: 13    Int: 23    God:
Gold:   202        SH:  0    Dex: 12    Spells: 7/17 levels left

rFire   . . .      SeeInvis .      - Unarmed
rCold   . . .      Faith    .    (no shield)
rNeg    . . .      Spirit   .    (helmet restricted)
rPois   .          Reflect  .    (no amulet)
rElec   .          Harm     .    d - ring of wizardry
rCorr   .          Rampage  .    g - +6 ring of intelligence
Will    .....                    (no ring)
Stlth   ..........               (no ring)
HPRegen 0.22/turn                (no ring)
MPRegen 0.14/turn                (no ring)
                                 (no ring)
                                 (no ring)

@: confused, berserking (expiring), very quick
A: almost no armour, amphibious, 8 rings, camouflage 1, gelatinous body 1,
(nimble swimmer 1), tentacles
a: no special abilities


You were on level 5 of the Dungeon.
You visited 1 branch of the dungeon, and saw 5 of its levels.
You also visited: Sewer.

You collected 202 gold pieces.

Inventory:

Jewellery
 d - a ring of wizardry (left tentacle)
 g - a +6 ring of intelligence (right tentacle)
Wands
 f - a wand of roots (3)
 j - a wand of polymorph (4)
Potions
 b - a potion of haste {unknown}
 c - a potion of invisibility {unknown}
 e - a potion of resistance {unknown}
 i - a potion of might {unknown}


   Skills:
 - Level 1.0 Fighting
 - Level 2.0 Dodging
 - Level 4.3 Unarmed Combat
 + Level 5.2 Spellcasting
 + Level 5.6 Transmutations
 - Level 4.0 Ice Magic
 - Level 4.0 Poison Magic


You had 7 spell levels left.
You knew the following spells:

 Your Spells              Type           Power      Damage    Failure   Level
a - Beastly Appendage     Tmut           62%        N/A       1%          1
b - Wereblood             Tmut           31%        N/A       1%          2
c - Spider Form           Tmut/Pois      28%        N/A       1%          3
d - Ice Form              Ice/Tmut       28%        N/A       5%          4

Your spell library contained the following spells:

 Spells                   Type           Power      Damage    Failure   Level
 Summon Lightning Spire   Summ/Air       6%         N/A       34%         4
 Storm Form               Tmut/Air       9%         N/A       100%        7
 Maxwell's Capacitive Co  Air            3%         ∞         100%        8


Dungeon Overview and Level Annotations

Branches:
Dungeon (5/15)              Sewer (visited)
 Temple: D:4-7

Altars:
Makhleb
Okawaru
Ru
Uskayaw
Vehumet
Xom
Zin


Innate Abilities, Weirdness & Mutations

You cannot wear most types of armour.
You are amphibious.
You can wear up to eight rings at the same time.
Your skin changes colour to match your surroundings (Stealth+).
Your rubbery body absorbs attacks. (AC +1, EV +1)
((You are camouflaged when in or above water. (Stealth+)))
You have tentacles for arms and can constrict up to eight enemies at once.


Message History

You feel yourself moving faster!
You feel mighty!
The orc wizard hits you but does no damage.
Something hits you but does no damage.
You closely miss something.
You hear some strange, mumbled words.
You are more confused.
You're too confused to move!
The orc barely misses you. Something hits you but does no damage.
The orc wizard hits you but does no damage.
The water moccasin skeleton bites you.
* * * LOW HITPOINT WARNING * * *
You pummel the orc!! You freeze the orc.
You kill the orc!
You barely miss something.
The water moccasin skeleton bites you but does no damage.
The orc wizard hits you but does no damage.
Something hits you but does no damage.
An ogre comes into view. It is wielding a +0 giant spiked club.
You closely miss the orc wizard.
You warm up again.
The water moccasin skeleton closely misses you.
Unknown command.
You closely miss the orc priest.
The orc priest hits you with a +0 dagger.
* * * LOW HITPOINT WARNING * * *
The orc wizard points at you and mumbles some strange words.
You resist with some effort. Something hits you.
* * * LOW HITPOINT WARNING * * *
Unknown command.
You are too berserk!
Okay, then.
Unknown command.
The orc priest mumbles some strange prayers to Beogh against you.
Beogh smites you!
* * * LOW HITPOINT WARNING * * *
Unknown command.
You barely miss the water moccasin skeleton.
Your squeeze misses the water moccasin skeleton.
The water moccasin skeleton bites you.
You die...

#
.....#................
. #.)..)....P........
.. ###.)..P...O.....#
#$..)...P........#
#.).....P........#
###.....!..........#
.......#...............
.##......o.o...........
#..##..@Z............
#..##...{............
...........<...#...#.#
...............###..# #
###.#..........# .## #
###........# #
##.......# ......###.
#..~~~. ##


You could see an ogre, an orc priest, an orc wizard and a water moccasin
skeleton.

Vanquished Creatures
  Pargi (Sewer)
  An orc warrior (D:5)
  2 ogres (D:5)
  A phantom (D:4)
  A necrophage (D:4)
  2 scorpions (D:5)
  A water moccasin zombie (D:5)
  A water moccasin skeleton (D:5)
  A crimson imp (D:3)
  A centaur zombie (D:5)
  A bullfrog zombie (D:5)
  2 bullfrog skeletons (D:5)
  An iguana (D:4)
  A scorpion zombie (D:5)
  2 orc wizards (D:5)
  A hound zombie (D:5)
  7 gnolls
  6 adders
  An ufetubus (D:4)
  3 worms
  6 dart slugs
  4 orcs
  10 endoplasms
  7 giant cockroaches
  12 goblins
  9 hobgoblins
  5 jackals
  7 kobolds
  6 quokkas
  5 ball pythons
  6 bats
  2 frilled lizards
  3 rats
119 creatures vanquished.

Vanquished Creatures (others)
  A withered plant (D:5)
1 creature vanquished.

Grand Total: 120 creatures vanquished

Notes
Turn   | Place    | Note
-------+----------+-------------------------------------------
     0 | D:1      | ytrimaz the Octopode Transmuter began the quest for the
                  | Orb.
     0 | D:1      | Reached XP level 1. HP: 13/13 MP: 3/3
   241 | D:1      | Reached XP level 2. HP: 18/18 MP: 5/5
  1170 | D:1      | Reached XP level 3. HP: 10/23 MP: 4/6
  1173 | D:1      | Learned a level 2 spell: Wereblood
  1177 | D:1      | Learned a level 3 spell: Spider Form
  1813 | D:2      | Reached skill level 1 in Poison Magic
  1818 | D:2      | Reached XP level 4. HP: 21/28 MP: 3/7
  2232 | D:2      | Reached XP level 5. HP: 31/33 MP: 4/8
  3425 | D:3      | Found a shimmering altar of Xom.
  3431 | D:3      | Found a burning altar of Makhleb.
  4160 | D:3      | Reached XP level 6. HP: 31/38 MP: 6/10
  4227 | D:3      | Found a faded altar of an unknown god.
  4346 | D:4      | Learned a level 4 spell: Ice Form
  4701 | D:4      | Found a glowing drain.
  4705 | Sewer    | Entered a sewer
  4785 | Sewer    | Noticed Pargi
  4797 | Sewer    | Killed Pargi
  4798 | Sewer    | Reached skill level 1 in Ice Magic
  4955 | D:4      | Found a glowing silver altar of Zin.
  5160 | D:4      | Found a radiant altar of Vehumet.
  5161 | D:4      | Found a hide-covered altar of Uskayaw.
  5161 | D:4      | Found a sacrificial altar of Ru.
  5163 | D:4      | Found an iron altar of Okawaru.
  5175 | D:4      | Reached XP level 7. HP: 42/43 MP: 8/12
  5531 | D:5      | Entered Level 5 of the Dungeon
  6058 | D:5      | Reached XP level 8. HP: 48/48 MP: 11/14
  6537 | D:5      | Reached skill level 5 in Transmutations
  6557 | D:5      | Reached skill level 5 in Spellcasting
  6670 | D:5      | Slain by a water moccasin skeleton

Illustrated notes

Levels and vault maps discovered:
D:1:      psy_arrival_basics, layout_basic
D:2:      layout_basic, grunt_ministairs_13, chequers_serial_rivers_marsh,
          chequers_mini_garden, minmay_tromino_mix6
D:3:      minmay_recursive_quarters, layout_loops_ring,
          grunt_temple_overflow_champion_of_chaos,
          chequers_ecumenical_altar_lobes, serial_park_tiny_1
D:4:      layout_cave_pools, chequers_temple_overflow_statue_of_worship,
          zin_academy, gup_sewer_entry_spiral, kennysheep_generic_room_12
D:5:      layout_cave_pools, kennysheep_ying_yang,
          nicolae_overflow_crystal_walls, minmay_temple_entry_enclosed_plants,
          serial_undead, serial_undead_e, serial_undead_c, serial_undead_d,
          serial_undead_b, serial_undead_f, serial_undead_b

Skill      XL: |  1  2  3  4  5  6  7  8 |
---------------+-------------------------+-----
Unarmed Combat | 4 |  4.3
Poison Magic   | 1 2 3 4 |  4.0
Transmutations | 3 4 5 |  5.6
Spellcasting   | 3 4 5 |  5.2
Ice Magic      | 2 4 |  4.0
Fighting       | |  1.0
Dodging        | |  2.0

Action                   |  1- 3 |  4- 6 |  7- 9 || total
-------------------------+-------+-------+-------++-------
Melee: Unarmed           |    50 |   186 |    92 ||   328
       Constrict         |    17 |    16 |       ||    33
       Kick              |     9 |       |       ||     9
       Tentacles         |    11 |     7 |       ||    18
       Punch             |     1 |     1 |       ||     2
 Cast: Beastly Appendage |    12 |     1 |       ||    13
       Spider Form       |     1 |    30 |     5 ||    36
       Wereblood         |       |     2 |       ||     2
       Ice Form          |       |     3 |    10 ||    13
  Use: Potion            |       |     5 |     2 ||     7
       Scroll            |       |     4 |       ||     4
 Stab: Sleeping          |     4 |     4 |       ||     8
       Distracted        |       |     1 |       ||     1
Armor: Skin              |     8 |    16 |    43 ||    67
Dodge: Dodged            |    34 |   140 |    87 ||   261

Table legend: (Time is in decaauts)
 A = Elapsed time spent in this place.
 B = Non-inter-level travel time spent in this place.
 C = Inter-level travel time spent in this place.
 D = Time resting spent in this place.
 E = Time spent auto-exploring this place.
 F = Levels seen in this place.
 G = Mean time per level.
                   A        B        C        D        E       F      G
               +--------+--------+--------+--------+--------+-----+--------+
         Total |   6642 |   6441 |    201 |    910 |   4498 |   6 | 1107.0 |
       Dungeon |   6486 |   6285 |    201 |    910 |   4395 |   5 | 1297.2 |
         Sewer |    156 |    156 |      0 |      0 |    103 |   1 |  156.0 |
               +--------+--------+--------+--------+--------+-----+--------+

Top non-repeatable levels by time:
     D:4: 1839 daAuts
     D:2: 1551 daAuts
     D:3: 1394 daAuts
     D:1: 1370 daAuts
     D:5: 329 daAuts
   Sewer: 156 daAuts
